 Dungeon Crawl Stone Soup version 0.17.0-24-gcfadda4 (webtiles) character file.

550 M4edhros the Sneak (level 7, 0/38 HPs)
             Began as an Octopode Artificer on Nov 16, 2015.
             Was a Believer of Ru.
             Slain by an ogre
             ... wielding a +0 giant club
              (23 damage)
             ... on level 4 of the Dungeon.
             The game lasted 00:08:53 (4724 turns).

M4edhros the Sneak (Octopode Artificer)             Turns: 4724, Time: 00:08:54

Health: 0/38       AC:  1    Str:  8    XL:     7   Next: 29%
Magic:  10/10      EV: 11    Int: 14    God:    Ru [**....]
Gold:   39         SH:  0    Dex: 15    Spells: 0 memorised, 6 levels left

rFire  + . .     SeeInvis .     e - +1 short sword (venom)
rCold  . . .     Clarity  .     (no shield)
rNeg   . . .     SustAt   .     (helmet restricted)
rPois  .         Gourm    .     (no amulet)
rElec  .         Spirit   .     q - ring of protection from fire
rCorr  .         Warding  .     v - ring of stealth
rMut   .         Stasis   .     (no ring)
MR     .....                    (no ring)
Stlth  ++++++....               (no ring)
                                (no ring)
                                (no ring)
                                (no ring)

@: not resistant to hostile enchantments, very stealthy
A: almost no armour, amphibious, 8 rings, constrict 8, camouflage 1, frail 1,
low mp 1, spit poison 1, weak 1, gelatinous body 1, inability to train dodging
a: Spit Poison, Renounce Religion


You were on level 4 of the Dungeon.
You worshipped Ru.
Ru was pleased with you.
You were not hungry.

You visited 2 branches of the dungeon, and saw 6 of its levels.

You collected 249 gold pieces.
You spent 210 gold pieces at shops.

Inventory:

Hand Weapons
 a - a +0 short sword
 e - a +1 short sword of venom (weapon)
Missiles
 g - 45 sling bullets
 u - 92 stones (quivered)
Jewellery
 q - a ring of protection from fire (left tentacle)
 v - a ring of stealth (right tentacle)
Wands
 b - a wand of flame (11)
 c - a wand of enslavement (13)
 d - a wand of random effects (13)
 o - a wand of frost (13)
Scrolls
 f - 2 scrolls of random uselessness {unknown}
 h - a scroll of magic mapping {unknown}
 i - a scroll of noise {unknown}
 k - 2 scrolls of amnesia
 l - 3 scrolls of recharging
 n - 4 scrolls of fear
 r - a scroll of immolation
Potions
 p - a potion of heal wounds {unknown}
 t - 2 potions of agility {unknown}
 w - a potion of curing
 z - a potion of degeneration {unknown}
Comestibles
 j - 3 meat rations
 m - 2 bread rations
 s - 3 fruits


   Skills:
 + Level 1.0 Fighting
 - Level 1.0 Short Blades
 + Level 7.6 Stealth
 + Level 6.7 Evocations


You had 6 spell levels left.
You didn't know any spells.

Dungeon Overview and Level Annotations

Branches:
Dungeon (5/15)             Temple (1/1) D:5

Altars:
Cheibriados
Dithmenos
Elyvilon
Fedhas
Gozag
Kikubaaqudgha
Okawaru
Qazlal
Ru
Sif Muna
Trog
Vehumet
Yredelemnul
The Shining One

Shops:
D:4 *


Innate Abilities, Weirdness & Mutations

You cannot wear most types of armour.
You are amphibious.
You can wear up to eight rings at the same time.
You can use your tentacles to constrict eight enemies at once.
Your skin changes colour to match your surroundings (Stealth).
Your rubbery body absorbs attacks (AC +1).
You cannot train Dodging skill.
You are frail (-10% HP).
Your magical capacity is low (-10% MP).
You can spit weak poison.
You are weak. (Str -2)


Message History

The ogre hits you with a giant club.
You hit the ogre but do no damage.
The ogre is lightly wounded.
The ogre barely misses you.
You completely miss the ogre. Your squeeze misses the ogre.
The ogre is lightly wounded.
The ogre hits you with a giant club!
Evoke which item? (* to show all) (? for menu, Esc to quit)
Zapping:
d - a wand of random effects (14)
Press: ? - help, Shift-Dir - straight line, f - ogre
Aim: an ogre, wielding a giant club (lightly wounded)
The ogre flickers and vanishes!
Deactivating autopickup; reactivate with Ctrl-A.
This wand has 13 charges left.
Evoke which item? (* to show all) (? for menu, Esc to quit)
Zapping:
c - a wand of enslavement (14)
Press: ? - help, Shift-Dir - straight line Nothing appears to happen.
This wand has 13 charges left.
Something hits you!!
Ouch! That really hurt!
You die...

#. ##
###################
####..................
#.....################
#....@######
#.....{....#
#..........######
#................
#...........####
#####.......########.
#...∩..............
##>.................
#........###...###.


There were no monsters in sight!

Vanquished Creatures
  Menkaure (D:5)
  An ogre (D:4)
  An orc wizard (D:3)
  An orc priest (D:4)
  A crimson imp (D:5)
  An iguana (D:5)
  A gnoll (D:1)
  6 adders
  4 oozes
  A worm (D:2)
  6 giant geckos
  9 orcs
  5 bats
  6 giant cockroaches
  11 goblins
  11 hobgoblins
  5 kobolds
  A quokka (D:5)
  3 ball pythons
  12 giant newts
  9 rats
96 creatures vanquished.

Vanquished Creatures (collateral kills)
  An orc priest (D:3)
  2 orcs (D:3)
3 creatures vanquished.

Grand Total: 99 creatures vanquished

Notes
Turn   | Place    | Note
--------------------------------------------------------------
     0 | D:1      | M4edhros the Octopode Artificer began the quest for the Orb.
     0 | D:1      | Reached XP level 1. HP: 13/13 MP: 3/3
    56 | D:1      | Reached XP level 2. HP: 13/18 MP: 4/4
   329 | D:2      | Reached XP level 3. HP: 23/23 MP: 5/5
   388 | D:2      | Reached skill level 4 in Evocations
   673 | D:4      | Reached XP level 4. HP: 17/28 MP: 7/7
   742 | D:5      | Entered Level 5 of the Dungeon
   986 | D:5      | Reached skill level 5 in Evocations
   986 | D:5      | Reached XP level 5. HP: 3/33 MP: 8/8
  1322 | D:5      | Noticed Menkaure
  1324 | D:5      | Killed Menkaure
  1324 | D:5      | Reached skill level 6 in Stealth
  1324 | D:5      | Reached XP level 6. HP: 38/38 MP: 8/10
  1359 | D:5      | Found a staircase to the Ecumenical Temple.
  1387 | D:5      | Noticed a centaur
  1409 | Temple   | Entered the Ecumenical Temple
  1663 | Temple   | Became a worshipper of Ru the Awakened
  3046 | D:3      | Gained mutation: You are weak. (Str -2) [potion of mutation]
  3046 | D:3      | Gained mutation: You are frail (-10% HP). [potion of mutation]
  3046 | D:3      | Gained mutation: Your magical capacity is low (-10% MP). [potion of mutation]
  3047 | D:3      | Gained mutation: You can spit weak poison. [potion of beneficial mutation]
  3234 | D:3      | Gained mutation: You cannot train Dodging skill. [Ru sacrifice]
  3234 | D:3      | Reached * piety under Ru
  3234 | D:3      | Reached ** piety under Ru
  3511 | D:3      | Reached skill level 7 in Stealth
  3792 | D:3      | Found an iron altar of Okawaru.
  4096 | D:4      | Noticed an ogre
  4198 | D:4      | Reached XP level 7. HP: 13/38 MP: 10/10
  4451 | D:4      | Noticed an ogre
  4488 | D:4      | Killed an ogre
  4539 | D:4      | Found a blossoming altar of Fedhas.
  4635 | D:4      | Found Zoseaty's General Store.
  4644 | D:4      | Bought an uncursed ring of stealth for 210 gold pieces
  4724 | D:4      | Slain by an ogre

Action                   |  1- 3 |  4- 6 |  7- 9 || total
-------------------------+-------+-------+-------++-------
Melee: Short sword       |    52 |   124 |     9 ||   185
Invok: Sacrifice Nimblen |       |     1 |       ||     1
Evoke: Wand              |       |     6 |     2 ||     8
  Use: Scroll            |     2 |       |     2 ||     4
       Potion            |       |     5 |       ||     5
 Stab: Sleeping          |    13 |    15 |     1 ||    29
       Distracted        |       |     2 |       ||     2
  Eat: Chunk             |       |     6 |     1 ||     7
       Bread ration      |       |     1 |       ||     1
